 Dungeon Crawl Stone Soup version 0.28-a0-8-g6e044cfa68 (webtiles) character file.

Game seed: 10066306229441085107

8451 melkoren the Carver (level 11, -3/94 HPs)
             Began as a Minotaur Gladiator on Apr 20, 2021.
             Was a Priest of Dithmenos.
             Slain by an ettin (11 damage)
             ... on level 2 of the Orcish Mines on July 24, 2021.
             The game lasted 00:27:43 (10956 turns).

melkoren the Carver (Minotaur Gladiator)           Turns: 10956, Time: 00:27:43

Health: -3/94      AC: 23    Str: 24    XL:     11   Next: 10%
Magic:  8/8        EV: 18    Int:  5    God:    Dithmenos [***...]
Gold:   565        SH:  0    Dex: 22    Spells: 10/10 levels left

rFire   . . .      SeeInvis .   a - +0 long sword (protect)
rCold   . . .      Faith    .   (no shield)
rNeg    . . .      Spirit   .   o - +1 scale mail "Hehax" {rPois Dex+2}
rPois   +          Reflect  .   c - +1 hat
rElec   .          Harm     .   t - +2 cloak {Stlth+}
rCorr   .          Rampage  .   q - +0 pair of gloves
Will    .....                   e - +1 pair of boots
Stlth   ++........              A - amulet of the acrobat
HPRegen 0.25/turn               S - +6 ring of strength
MPRegen 0.11/turn               d - +6 ring of dexterity

@: under a protective aura, wreathed by umbra
A: horns 2, retaliatory headbutt, clumsy 1, low mp 1
a: Renounce Religion, Shadow Step


You were on level 2 of the Orcish Mines.
You worshipped Dithmenos.
Dithmenos was most pleased with you.
You visited 3 branches of the dungeon, and saw 12 of its levels.

You collected 565 gold pieces.


Innate Abilities, Weirdness & Mutations

You have a pair of horns on your head.
You reflexively headbutt those who attack you in melee.
You are clumsy. (Dex -2)
Your magical capacity is low. (-10% MP)


   Skills:
 + Level 8.2 Fighting
 + Level 12.7 Long Blades
 - Level 2.0 Throwing
 + Level 6.5 Armour
 + Level 11.8 Dodging


You had 10 spell levels left.
You didn't know any spells.
Your spell library contained the following spells:

 Spells                   Type           Power      Damage    Failure   Level
 Inner Flame              Hex/Fire       0%         N/A       98%         3
 Cause Fear               Hex            0%         N/A       100%        4
 Discord                  Hex            0%         N/A       100%        8

Inventory:

Hand Weapons
 a - a +0 long sword of protection (weapon)
Missiles
 i - 7 atropa-tipped darts
 D - 4 throwing nets (quivered) {=f}
Armour
 b - a +0 leather armour
 c - a +1 hat (worn)
 e - a +1 pair of boots (worn)
 f - a +1 cloak
 m - a +0 cloak
 o - the +1 scale mail "Hehax" (worn) {rPois Dex+2}
   (You found it on level 4 of the Dungeon)

   Dex:       It affects your dexterity (+2).
   rPois:     It protects you from poison.
 q - a +0 pair of gloves (worn)
 r - a scarf of resistance
 t - a +2 cloak of stealth (worn)
Jewellery
 d - a +6 ring of dexterity (right hand)
 A - an amulet of the acrobat (around neck)
 C - a ring of protection from cold
 S - a +6 ring of strength (left hand)
 T - an amulet of faith {!P}
Wands
 k - a wand of mindburst (22)
 l - a wand of polymorph (8)
 s - a wand of iceblast (5)
 w - a wand of paralysis (12)
 z - a wand of flame (10)
Scrolls
 h - 3 scrolls of identify {@r1}
 u - a scroll of teleportation {@r4}
 x - a scroll of noise
 y - a scroll of summoning
 E - a scroll of amnesia
 F - a scroll of torment
Potions
 g - a potion of flight
 j - 2 potions of attraction
 n - 3 potions of brilliance
 p - a potion of magic
 v - a potion of heal wounds {@q2}
 B - a potion of curing {@q1}

Dungeon Overview and Level Annotations

Branches:
Dungeon (9/15)             Temple (1/1) D:5             Orc (2/2) D:9
   Lair: D:8-11         Elf: Orc:2

Altars:
Ashenzari
Cheibriados
Dithmenos
Elyvilon
Fedhas
Gozag
Hepliaklqana
Kikubaaqudgha
Makhleb
Nemelex Xobeh
Okawaru
Qazlal
Ru
Sif Muna
Trog
Uskayaw
Vehumet
Wu Jian
Xom
Yredelemnul
Zin
The Shining One
Beogh

...............
...............
...............
...............
...............
..........o.#...
........Cooo.....
.........@)o.....
##........))oo....
..................
..................
..................
............#.....
.......))........#
...#..<.)..#.....
#.....)))........


You could see an ettin, 2 orc warriors, 2 orc wizards and 3 orcs.


Message History

You kill the orc!
Dithmenos accepts your kill.
The ettin hits you with a +0 dire flail!!
The ettin hits you but does no damage.
You hit the ettin but do no damage.
The ettin is heavily wounded.
The orc wizard completely misses you. You furiously retaliate!
You headbutt the orc wizard!
You kill the orc wizard!
Dithmenos accepts your kill.
The orc warrior hits you with a +0 war axe.
Something barely misses you. The orc misses you.
You riposte.
You slash the orc!
You kill the orc!
Dithmenos accepts your kill.
You will now sometimes bleed smoke when heavily injured by enemies.
The ettin hits you with a +0 dire flail!
* * * LOW HITPOINT WARNING * * *
The ettin barely misses you.
You are too injured to fight recklessly!
You hit the ettin but do no damage.
You headbutt the ettin, but do no damage.
The ettin is heavily wounded.
The orc warrior misses you.
You hit the ettin but do no damage. You headbutt the ettin!
The ettin is severely wounded.
The ettin hits you with a +0 dire flail!!
* * * LOW HITPOINT WARNING * * *
The ettin hits you with a +2 dire flail of protection!
You die...

Skill      XL: |  1  2  3  4  5  6  7  8  9 10 |
---------------+-------------------------------+-----
Long Blades    | 4 5 6 7 8 10 11 12 | 12.7
Dodging        | 4 5 6 8 9 11 | 11.8
Fighting       | 6 8 |  8.2
Armour         | 3 6 |  6.5
Throwing       | |  2.0

Action                   |  1- 3 |  4- 6 |  7- 9 | 10-12 || total
-------------------------+-------+-------+-------+-------++-------
Melee: Long sword        |    71 |    65 |   217 |   160 ||   513
       Headbutt          |    13 |    14 |    83 |    81 ||   191
  Use: Potion            |       |     2 |    10 |     2 ||    14
       Scroll            |       |       |    10 |     1 ||    11
 Stab: Invisible         |       |       |     4 |       ||     4
Armor: Leather armour    |    11 |     5 |       |       ||    16
       Scale mail        |       |     3 |    65 |    64 ||   132
Dodge: Dodged            |    68 |    56 |   185 |   186 ||   495
       Rpst.: Long sword |    16 |    11 |    48 |    40 ||   115

Levels and vault maps discovered:
D:1:      psy_arrival_fountain, layout_basic, chequers_serial_rivers_micro_c,
          minmay_vboxes
D:2:      layout_basic, mrwooster_statue_mirror
D:3:      layout_loops_corners
D:4:      layout_gridville, uniq_grinder
D:5:      layout_cave_pods, lightli_temple_of_fire,
          minmay_temple_entry_enclosed_plants, hangedman_decor_clover_reticule,
          uniq_sigmund
D:6:      layout_basic, hangedman_glass_teeth
D:7:      layout_basic, biasface_ghost_orc_armoury
D:8:      layout_basic
D:9:      layout_basic, chequers_temple_overflow_minitemple,
          kennysheep_orc_monster_closet_entryway
Temple:   regret_index_temple_sphere_string
Orc:1:    layout_caves, uniq_jorgrun, uniq_nergalle
Orc:2:    st_orc_elflike, layout_caves, basic_altar

Notes
Turn   | Place    | Note
-------+----------+-------------------------------------------
     0 | D:1      | melkoren the Minotaur Gladiator began the quest for the
                  | Orb.
     0 | D:1      | Reached XP level 1. HP: 18/18 MP: 0/0
   323 | D:1      | Reached skill level 4 in Long Blades
   335 | D:1      | Reached XP level 2. HP: 25/25 MP: 1/1
   534 | D:1      | Reached skill level 4 in Dodging
   536 | D:1      | Reached XP level 3. HP: 21/30 MP: 2/2
  1989 | D:3      | Reached XP level 4. HP: 10/37 MP: 3/3
  1994 | D:3      | Reached skill level 5 in Long Blades
  3016 | D:4      | Reached skill level 5 in Dodging
  3120 | D:4      | Identified the +1 scale mail "Hehax" {rPois Dex+2}
  3161 | D:4      | Reached XP level 5. HP: 23/42 MP: 4/4
  3486 | D:4      | HP: 4/42 [poisoned by an orc]
  3704 | D:4      | Upgraded the game from 0.27-a0-1051-g288ea87c7c to
                  | 0.28-a0-8-g6e044cfa68
  3892 | D:4      | Noticed Grinder
  3907 | D:4      | HP: 4/42 [Grinder (3)]
  3912 | D:4      | Killed Grinder
  3913 | D:4      | Reached skill level 6 in Long Blades
  3913 | D:4      | Reached skill level 6 in Dodging
  3913 | D:4      | Reached XP level 6. HP: 6/50 MP: 5/5
  4061 | D:4      | Reached skill level 7 in Long Blades
  4382 | D:4      | Reached XP level 7. HP: 56/56 MP: 6/6
  4611 | D:4      | Gained mutation: Your magical capacity is low. (-10% MP)
                  | [potion of mutation]
  4611 | D:4      | Gained mutation: You are clumsy. (Dex -2) [potion of
                  | mutation]
  4655 | D:5      | Entered Level 5 of the Dungeon
  4765 | D:5      | Reached skill level 7 in Dodging
  4832 | D:5      | Reached skill level 8 in Long Blades
  4863 | D:5      | Noticed Sigmund
  4888 | D:5      | Killed Sigmund
  4889 | D:5      | Reached skill level 8 in Dodging
  4889 | D:5      | Reached XP level 8. HP: 42/62 MP: 6/6
  5014 | D:5      | Found a staircase to the Ecumenical Temple.
  5020 | Temple   | Entered the Ecumenical Temple
  5272 | Temple   | Became a worshipper of Dithmenos the Shadowed
  5519 | D:5      | Found a burning altar of Makhleb.
  5525 | D:5      | Reached skill level 9 in Long Blades
  6110 | D:6      | Reached skill level 9 in Dodging
  6390 | D:6      | Reached skill level 10 in Long Blades
  6425 | D:6      | Reached * piety under Dithmenos
  7124 | D:7      | Reached XP level 9. HP: 68/68 MP: 7/7
  7136 | D:7      | Identified a scarf of resistance
  7536 | D:7      | Reached skill level 3 in Fighting
  7862 | D:7      | Found a runed translucent gate.
  7863 | D:7      | Noticed reversiblehash's ghost (novice DsFi)
  7870 | D:7      | Found a runed translucent gate.
  7871 | D:7      | Found a runed translucent gate.
  7949 | D:7      | Killed reversiblehash's ghost
  7950 | D:7      | Reached skill level 4 in Fighting
  7950 | D:7      | Reached skill level 11 in Long Blades
  7950 | D:7      | Reached skill level 10 in Dodging
  8432 | D:8      | Noticed a two-headed ogre
  8441 | D:8      | Killed a two-headed ogre
  8442 | D:8      | Reached skill level 5 in Fighting
  8442 | D:8      | Reached skill level 2 in Armour
  8503 | D:8      | Reached skill level 3 in Armour
  9386 | D:8      | Noticed a two-headed ogre
  9395 | D:8      | Killed a two-headed ogre
  9396 | D:8      | Reached skill level 6 in Fighting
  9396 | D:8      | Reached skill level 11 in Dodging
  9396 | D:8      | Reached XP level 10. HP: 53/83 MP: 8/8
  9679 | D:9      | Identified the +0 robe "Kituponi" {Stlth+}
  9739 | D:9      | Reached skill level 4 in Armour
  9743 | D:9      | Noticed a two-headed ogre
  9755 | D:9      | Reached skill level 12 in Long Blades
  9761 | D:9      | Killed a two-headed ogre
  9878 | D:9      | Identified the +3 trident of Exquisite Torment {venom,
                  | Int+2 Stlth+}
  9900 | D:9      | Reached skill level 7 in Fighting
 10055 | D:9      | Found a sacrificial altar of Ru.
 10055 | D:9      | Found a blossoming altar of Fedhas.
 10063 | D:9      | Reached skill level 5 in Armour
 10124 | D:9      | Found an opulent altar of Gozag.
 10126 | D:9      | Found an iron altar of Okawaru.
 10128 | D:9      | Found a white marble altar of Elyvilon.
 10214 | D:9      | Found a staircase to the Orcish Mines.
 10254 | D:9      | Reached ** piety under Dithmenos
 10418 | D:9      | Identified a potion of resistance
 10598 | Orc:1    | Entered Level 1 of the Orcish Mines
 10609 | Orc:1    | Reached skill level 6 in Armour
 10649 | Orc:1    | Reached skill level 8 in Fighting
 10710 | Orc:1    | Reached XP level 11. HP: 86/94 MP: 8/8
 10914 | Orc:2    | Entered Level 2 of the Orcish Mines
 10941 | Orc:2    | Noticed an ettin
 10954 | Orc:2    | Reached *** piety under Dithmenos
 10956 | Orc:2    | HP: 8/94 [ettin (28)]
 10956 | Orc:2    | Slain by an ettin

Vanquished Creatures
  3 two-headed ogres
  The ghost of reversiblehash the Protected, a novice DsFi (D:7)
  2 trolls
  Grinder (D:4)
  Sigmund (D:5)
  A wyvern (D:9)
  2 shadows (D:9)
  A steam dragon (D:8)
  An acid dragon (D:9)
  2 water moccasins
  10 orc warriors
  A sky beast (D:8)
  2 necrophages
  10 ogres
  3 kobold brigands (D:9)
  3 bullfrogs
  A wyvern zombie (D:7)
  3 scorpions
  5 gnoll sergeants
  A wyvern skeleton (D:7)
  3 wights (D:6)
  2 hounds
  A bullfrog zombie (D:7)
  8 orc priests
  2 bullfrog skeletons
  A gnoll shaman (D:5)
  4 iguanas
  13 orc wizards
  A killer bee zombie (D:4)
  12 gnolls
  An adder (D:5)
  2 shadow imps
  2 white imps
  2 ufetubi
  3 dart slugs
  60 orcs
  6 ball pythons
  8 endoplasms
  4 giant cockroaches
  10 goblins
  9 hobgoblins
  5 jackals
  5 kobolds
  5 bats
  A frilled lizard (D:3)
  4 rats
228 creatures vanquished.

Table legend: (Time is in decaauts)
 A = Elapsed time spent in this place.
 B = Non-inter-level travel time spent in this place.
 C = Inter-level travel time spent in this place.
 D = Time resting spent in this place.
 E = Time spent auto-exploring this place.
 F = Levels seen in this place.
 G = Mean time per level.
                   A        B        C        D        E       F      G
               +--------+--------+--------+--------+--------+-----+--------+
         Total |  10896 |  10738 |    158 |   1879 |   7311 |  12 |  908.0 |
       Dungeon |  10242 |  10084 |    158 |   1879 |   6948 |   9 | 1138.0 |
        Temple |    314 |    314 |      0 |      0 |    159 |   1 |  314.0 |
  Orcish Mines |    339 |    339 |      0 |      0 |    204 |   2 |  169.5 |
               +--------+--------+--------+--------+--------+-----+--------+

Top non-repeatable levels by time:
     D:4: 1663 daAuts
     D:7: 1375 daAuts
     D:1: 1205 daAuts
     D:8: 1162 daAuts
     D:3: 1097 daAuts
     D:5: 1033 daAuts
     D:6: 1029 daAuts
     D:9: 981 daAuts
     D:2: 694 daAuts
  Temple: 314 daAuts
   Orc:1: 305 daAuts
   Orc:2: 34 daAuts

Table legend:
 A = Non-vault XP
 B = Vault XP
 C = Vault XP percentage of total XP
 D = Non-vault monster count
 E = Vault monster count
 F = Vault count percentage of total count
                 A         B        C        D         E       F
            +---------+---------+-------+---------+---------+-------
      Total |    8970 |    3103 |  25.7 |     191 |      37 |  16.2
            +---------+---------+-------+---------+---------+-------
        D:1 |      51 |      10 |  16.4 |      26 |       5 |  16.1
        D:2 |      22 |       0 |   0.0 |      12 |       0 |   0.0
        D:3 |      62 |       0 |   0.0 |      12 |       0 |   0.0
        D:4 |     359 |     267 |  42.7 |      25 |       1 |   3.8
        D:5 |     884 |     227 |  20.4 |      25 |       1 |   3.8
        D:6 |     853 |       0 |   0.0 |      23 |       0 |   0.0
        D:7 |     501 |     972 |  66.0 |      19 |      10 |  34.5
        D:8 |    2220 |       0 |   0.0 |       6 |       0 |   0.0
        D:9 |    1926 |    1627 |  45.8 |       7 |      20 |  74.1
      Orc:1 |    1297 |       0 |   0.0 |      18 |       0 |   0.0
      Orc:2 |     795 |       0 |   0.0 |      18 |       0 |   0.0
            +---------+---------+-------+---------+---------+-------
